 Dungeon Crawl Stone Soup version 0.23-a0-470-g6f7cfd9 (webtiles) character file.

13 Lavandula the Sneak (level 2, -7/22 HPs)
             Began as a Naga Air Elementalist on Nov 26, 2018.
             Mangled by a gnoll
             ... wielding a +0 spear
              (8 damage)
             ... on level 3 of the Dungeon.
             The game lasted 00:01:41 (395 turns).

Lavandula the Sneak (Naga Air Elementalist)          Turns: 395, Time: 00:01:41

Health: -7/22      AC:  1    Str: 10    XL:     2   Next: 37%
Magic:  4/5        EV: 10    Int: 15    God:
Gold:   21         SH:  0    Dex: 11    Spells: 5/6 levels left

rFire    . . .     SeeInvis +   f - +0 dagger
rCold    . . .     Gourm    .   (no shield)
rNeg     . . .     Faith    .   a - +0 robe
rPois    +         Spirit   .   (no helmet)
rElec    .         Reflect  .   (no cloak)
rCorr    .         Harm     .   (no gloves)
MR       .....                  (no barding)
Stlth    ++........             (no amulet)
HPRegen  0.07/turn              (no ring)
MPRegen  0.09/turn              (no ring)

@: short of breath, very slow
A: large, see invisible, deformed body, poison resistance, slowness 2, slow
metabolism 1, spit poison 1, AC +0
a: Spit Poison


You were on level 3 of the Dungeon.
You were not hungry.

You visited 1 branch of the dungeon, and saw 4 of its levels.

You collected 21 gold pieces.

Inventory:

Hand Weapons
 f - a +0 dagger (weapon)
Armour
 a - a +0 robe (worn)
Scrolls
 b - a scroll of amnesia {unknown}
Potions
 d - 2 potions of mutation {unknown}
 e - a potion of brilliance {unknown}
Comestibles
 c - 2 rations


   Skills:
 - Level 1.5 Dodging
 - Level 3.0 Stealth
 + Level 2.8 Spellcasting
 - Level 1.0 Conjurations
 - Level 3.0 Air Magic


You had 5 spell levels left.
You knew the following spells:

 Your Spells              Type           Power        Failure   Level  Hunger
a - Shock                 Conj/Air       #...         9%          1    #......

Your spell library contained the following spells:

 Spells                   Type           Power        Failure   Level  Hunger
 Swiftness                Chrm/Air       #.......     17%         2    ##.....
 Static Discharge         Conj/Air       #.......     26%         3    ###....
 Airstrike                Air            ##........   52%         4    #####..
 Lightning Bolt           Conj/Air       #.........   94%         5    ######.


Dungeon Overview and Level Annotations

Branches:
Dungeon (4/15)
 Temple: D:4-7

Altars:


Innate Abilities, Weirdness & Mutations

You cannot wear boots.
Your serpentine skin is tough. (AC +0)
You have supernaturally acute eyesight. (SInv)
Armour fits poorly on your strangely shaped body.
Your system is resistant to poisons. (rPois)
You cover ground very slowly.
You have a slow metabolism.
You can spit poison.


Message History

You feel slightly more hungry.
You have got your breath back.
The gnoll hits you from afar with a +0 spear!
Ouch! That really hurt!
Press: ? - help, Shift-Dir - straight line, f - gnoll, p - gnoll
Aim: a gnoll, wielding a +0 flail The splash of poison misses the gnoll. x2; You feel slightly more hungry.
The gnoll hits you from afar with a +0 spear!
* * * LOW HITPOINT WARNING * * *
Unknown command.
Casting: Shock (safe; 9% risk of failure)
Confirm with . or Enter, or press ? or * to list all spells.
Aiming: Shock (safe; 9% risk of failure)
Press: ? - help, Shift-Dir - straight line The zap hits the gnoll.
The gnoll is moderately wounded.
The zap hits the gnoll.
The gnoll appears unharmed.
The gnoll is moderately wounded.
The gnoll hits you from afar with a +0 spear!
You die...

#.......##.#
#.......##.#
##.##...##.# #. #. #
#.#.##.# .#
#.##.##.#.##.# .#
....##.........#
...###.#.#######.####
...... ..# #.# #..#.
#.# #@#
.##...##.#######.#
.............g.g.#
..........########
..........#
.......#..#
.....#.#..# ....
#.#..# ... #....#


You could see a gnoll.

Vanquished Creatures
  A worm (D:2)
  2 orcs (D:3)
  3 jackals (D:3)
  A frilled lizard (D:1)
  A rat (D:1)
8 creatures vanquished.

Notes
Turn   | Place    | Note
-------+----------+-------------------------------------------
     0 | D:1      | Lavandula the Naga Air Elementalist began the quest for the
                  | Orb.
     0 | D:1      | Reached XP level 1. HP: 15/15 MP: 3/3
   282 | D:4      | Found the +3 warlock's mirror {reflect}
   282 | D:4      | Noticed an orc priest
   282 | D:4      | Noticed an orc wizard
   282 | D:4      | Noticed an orc priest
   293 | D:3      | Reached XP level 2. HP: 15/22 MP: 0/5
   393 | D:3      | HP: 1/22 [gnoll/+0 spear (7)]
   395 | D:3      | Mangled by a gnoll

Vault maps used:
D:1:      dpeg_arrival_radiant
D:2:      hangedman_ru_absence
D:3:      kiku_gazebo_pond_becter, overflow_temple_1_default, first_ration,
          kennysheep_decorative_pillar, kennysheep_generic_room_16
D:4:      evilmike_ruin_ashenzari, marbit_many_paths, serial_shops, shop,
          uniq_edmund

Action                   || total
-------------------------++-------
Melee: Unarmed           ||     4
 Cast: Shock             ||     9
 Abil: Spit Poison       ||    10
Armor: Robe              ||     3
Dodge: Dodged            ||     9

Table legend:
 A = Non-vault XP
 B = Vault XP
 C = Vault XP percentage of total XP
 D = Non-vault monster count
 E = Vault monster count
 F = Vault count percentage of total count
                 A         B        C        D         E       F
            +---------+---------+-------+---------+---------+-------
      Total |      19 |       0 |   0.0 |       8 |       0 |   0.0
            +---------+---------+-------+---------+---------+-------
        D:1 |       2 |       0 |   0.0 |       2 |       0 |   0.0
        D:2 |       5 |       0 |   0.0 |       1 |       0 |   0.0
        D:3 |      12 |       0 |   0.0 |       5 |       0 |   0.0
            +---------+---------+-------+---------+---------+-------
